 Dungeon Crawl Stone Soup version 0.17-a0-2122-g03d97ec (webtiles) character file.

315 SlimeFever the Sneak (level 6, -2/43 HPs)
             Began as a Vampire Enchanter on Oct 21, 2015.
             Killed from afar by an orc wizard (8 damage)
             ... with a magic dart
             ... on level 3 of the Dungeon.
             The game lasted 00:20:46 (2749 turns).

SlimeFever the Sneak (Vampire Enchanter)            Turns: 2749, Time: 00:20:46

Health: -2/43      AC:  4    Str:  7    XL:     6   Next: 20%
Magic:  3/9        EV: 13    Int: 18    God:
Gold:   120        SH:  0    Dex: 16    Spells: 3 memorised, 4 levels left

rFire  . . .     SeeInvis +     a - +1 dagger
rCold  . . .     Clarity  .     b - +2 robe
rNeg   + . .     SustAt   .     (no shield)
rPois  .         Gourm    .     (no helmet)
rElec  .         Spirit   .     (no cloak)
rCorr  .         Warding  .     (no gloves)
rMut   .         Stasis   .     (no boots)
MR     +....                    (no amulet)
Stlth  ++++......               (no ring)
                                (no ring)

@: somewhat resistant to hostile enchantments, stealthy
A: fangs 3, see invisible, magic resistance 1, unbreathing
a: Bat Form


You were on level 3 of the Dungeon.
You were not thirsty.

You visited 1 branch of the dungeon, and saw 3 of its levels.

You collected 120 gold pieces.

Inventory:

Hand Weapons
 a - a +1 dagger (weapon)
 f - a +0 short sword
 i - a cursed -2 hunting sling
Missiles
 e - 3 curare-tipped needles
 j - 8 javelins (quivered)
 l - 15 arrows
 m - 4 bolts of flame
 s - 18 poisoned needles
 t - 11 poisoned arrows
Armour
 b - a +2 robe (worn)
 u - a +0 leather armour
Scrolls
 g - a scroll of blinking
 p - a scroll of identify
Potions
 d - a potion of agility {unknown}
 h - a potion of brilliance
 n - a potion of flight {unknown}
 o - a potion of haste {unknown}
 q - a potion of ambrosia {unknown}
 r - a potion of might {unknown}
Books
 c - a book of Maledictions

   Spells                             Type                      Level
   a - Corona                         Hexes                        1
   b - Ensorcelled Hibernation        Hexes/Ice                    2
   c - Confuse                        Hexes                        3
   d - Tukima's Dance                 Hexes                        3
   e - Dazzling Spray                 Conjuration/Hexes            3


   Skills:
 + Level 1.0 Fighting
 * Level 2.6 Short Blades
 * Level 1.4 Armour
 + Level 3.2 Dodging
 + Level 6.8 Stealth
 + Level 2.6 Spellcasting
 + Level 5.5 Hexes
 + Level 1.1 Ice Magic


You had 4 spell levels left.
You knew the following spells:

 Your Spells              Type           Power        Failure   Level  Hunger
a - Corona                Hex            ###....      1%          1    #......
b - Ensorcelled Hibernat  Hex/Ice        ##....       10%         2    ##.....
c - Tukima's Dance        Hex            ###.....     6%          3    ###....


Dungeon Overview and Level Annotations

Branches:
Dungeon (3/15)

Altars:
Cheibriados
Ru
Sif Muna


Innate Abilities, Weirdness & Mutations

You have razor-sharp teeth.
You have supernaturally acute eyesight.
You can survive without breathing.
You are resistant to hostile enchantments.


Message History

The orc wizard is severely wounded.
The orc wizard hits you with a dagger.
* * * LOW HITPOINT WARNING * * *
The orc wizard barely misses you.
You hit the orc wizard. Your bite misses the orc wizard.
The orc wizard is severely wounded.
The orc wizard hits you but does no damage.
The orc wizard casts a spell at you. You resist with almost no effort.
You hit the orc wizard but do no damage.
The orc wizard is severely wounded.
The orc wizard hits you but does no damage.
The orc wizard hits you with a dagger.
* * * LOW HITPOINT WARNING * * *
You hit the orc wizard but do no damage.
The orc wizard is severely wounded.
The orc wizard barely misses you. The orc wizard casts a spell at you.
The magic dart hits you!
You die...

##.....## #.#
.#.# ##...## #.#
##. o# #...##
#o# #.. .#
#.###.## #.# #.#
.# #.# ##.## #.#
#.# .# .# ##%#
#.###.##.# #.#
#.)...<.$#
##.########o####
#.........@o#
#.############
..# #.# #. #


You could see 2 orc wizards.

Vanquished Creatures
  Sigmund (D:3)
  A hound (D:3)
  An orc wizard (D:3)
  The ghost of brucemayne the Chopper, a weakling DsBe of Trog (D:3)
  4 adders (D:2)
  A worm (D:2)
  An orc (D:3)
  7 bats
  2 giant cockroaches
  6 goblins
  3 hobgoblins
  6 jackals
  5 giant geckos
  2 giant newts (D:3)
  A kobold (D:2)
  8 rats
50 creatures vanquished.

Notes
Turn   | Place    | Note
--------------------------------------------------------------
     0 | D:1      | SlimeFever the Vampire Enchanter began the quest for the Orb.
     0 | D:1      | Reached XP level 1. HP: 13/13 MP: 3/3
   375 | D:1      | Reached XP level 2. HP: 17/19 MP: 3/5
   915 | D:1      | Learned a level 2 spell: Ensorcelled Hibernation
   933 | D:2      | Gained mutation: You are resistant to hostile enchantments. [potion of beneficial mutation]
  1163 | D:2      | Reached skill level 5 in Stealth
  1163 | D:2      | Reached XP level 3. HP: 24/24 MP: 6/6
  1338 | D:2      | Reached skill level 5 in Hexes
  1598 | D:2      | Found a snail-covered altar of Cheibriados.
  1600 | D:2      | Found a sacrificial altar of Ru.
  1603 | D:2      | Found a deep blue altar of Sif Muna.
  1646 | D:2      | Reached XP level 4. HP: 31/31 MP: 4/7
  1651 | D:2      | Learned a level 3 spell: Tukima's Dance
  2205 | D:3      | Noticed brucemayne's ghost (weakling DsBe)
  2224 | D:3      | Killed brucemayne's ghost
  2226 | D:3      | Reached skill level 6 in Stealth
  2320 | D:3      | Noticed Sigmund
  2331 | D:3      | Killed Sigmund
  2331 | D:3      | Reached skill level 1 in Fighting
  2331 | D:3      | Reached skill level 1 in Armour
  2331 | D:3      | Reached skill level 1 in Ice Magic
  2331 | D:3      | Reached XP level 5. HP: 2/37 MP: 4/8
  2331 | D:3      | Reached XP level 6. HP: 2/43 MP: 4/9
  2749 | D:3      | Killed from afar by an orc wizard

Vault maps used:
D:1:      matt_arrival_los_fun
D:2:      grunt_temple_overflow_open, first_bread,
          hangedman_decor_diamond_cutter, nrook_loot_triangle
D:3:      kennysheep_nub, uniq_sigmund

Action                   |  1- 3 |  4- 6 || total
-------------------------+-------+-------++-------
Melee: Dagger            |    98 |    70 ||   168
Throw: Javelin           |       |     1 ||     1
 Cast: Corona            |    12 |     9 ||    21
       Ensorcelled Hiber |     5 |     6 ||    11
       Tukima's Dance    |       |     1 ||     1
  Use: Scroll            |     5 |     2 ||     7
       Potion            |     1 |     1 ||     2
 Stab: Sleeping          |    16 |     7 ||    23
  Eat: Corpse            |     3 |     4 ||     7
